AoeStats
← Ux'DonChauron

Arabia

509951744Analyzed
4v4 RM · 4d ago on Sep 28, 2026· 39m 27s· 8 players
Game mode
Random Map
Map size
Large (8 player)
Population
200
Speed
Normal
Resources
Standard
Victory
Conquest
Starting age
Dark Age
Ending age
Imperial Age
RankedLock teamsTeams togetherTeam positionsShared explorationLock speedFull tech treeHidden civsTurbo modeCheats
Victory
Defeat
🇪🇸 Varangians · Spain
1552
+15
🇨🇳 Dravidians · China
1487
+18
🇪🇸 Ethiopians · Spain
1447
+19
🇪🇸 Magyars · Spain
1353
+23
🇹🇷 Britons · Türkiye
1535
-19
🇹🇷 Persians · Türkiye
1520
-19
🇹🇷 Vietnamese · Türkiye
1514
-19
🇹🇷 Gurjaras · Türkiye
1504
-18
忧郁帅哥
5:11 Loom
9:52 Feudal Age
11:38 Fletching
15:10 Town Watch
15:26 Padded Archer Armor
20:51 Wheelbarrow
24:10 Castle Age
22:32 Double-Bit Axe
22:28 Horse Collar
24:20 Crossbowman
24:56 Bodkin Arrow
25:12 Bow Saw
24:57 Gold Mining
28:09 Bodkin Arrow
28:15 Heavy Plow
29:44 Ballistics
30:43 Hand Cart
31:35 Thumb Ring
38:29 Imperial Age
36:25 Stone Mining
38:54 Leather Archer Armor
39:15 Bracer
40:21 Chemistry
Ux'DonChauron
5:47 Loom
8:31 Feudal Age
9:03 Double-Bit Axe
15:50 Scale Mail Armor
16:02 Forging
17:11 Scale Barding Armor
18:15 Bloodlines
23:26 Castle Age
21:59 Gold Mining
22:38 Horse Collar
23:32 Light Cavalry
24:44 Husbandry
25:59 Chain Barding Armor
30:03 Wheelbarrow
30:14 Town Watch
30:28 Fletching
31:26 Iron Casting
31:49 Bow Saw
32:12 Heavy Plow
35:07 Hand Cart
36:06 Stone Mining
41:05 Imperial Age
40:20 Stone Shaft Mining
Ux'TheNovack
5:08 Loom
9:31 Feudal Age
10:00 Double-Bit Axe
13:02 Fletching
16:05 Padded Archer Armor
23:50 Castle Age
22:45 Horse Collar
23:52 Crossbowman
24:28 Bodkin Arrow
26:52 Wheelbarrow
29:57 Thumb Ring
31:08 Ballistics
33:52 Leather Archer Armor
40:32 Imperial Age
Ux'Tycho0201
5:55 Loom
8:35 Feudal Age
15:17 Scale Barding Armor
15:43 Double-Bit Axe
21:58 Castle Age
21:31 Gold Mining
22:34 Bloodlines
23:30 Chain Barding Armor
23:21 Town Watch
23:50 Bow Saw
26:42 Husbandry
34:01 Horse Collar
36:49 Wheelbarrow
39:45 Fletching
DaRKN'
6:30 Loom
8:54 Feudal Age
10:02 Double-Bit Axe
16:26 Horse Collar
17:24 Forging
19:39 Scale Barding Armor
24:43 Castle Age
24:33 Bloodlines
25:23 Husbandry
25:46 Chain Barding Armor
29:25 Gold Mining
31:59 Bow Saw
31:50 Heavy Plow
31:42 Town Watch
ツfeodALİ
5:58 Loom
8:48 Feudal Age
9:31 Double-Bit Axe
9:28 Horse Collar
16:01 Scale Barding Armor
16:40 Forging
24:22 Castle Age
22:58 Gold Mining
23:22 Forging
24:02 Bloodlines
25:19 Chain Barding Armor
27:35 Husbandry
31:29 Fletching
32:16 Iron Casting
34:00 Fletching
sinx
7:02 Loom
9:33 Feudal Age
10:33 Double-Bit Axe
15:39 Fletching
16:37 Padded Archer Armor
26:55 Castle Age
25:29 Horse Collar
25:40 Gold Mining
27:41 Bodkin Arrow
28:20 Bow Saw
28:11 Heavy Plow
27:36 Crossbowman
31:49 Ballistics
34:40 Leather Archer Armor
36:06 Thumb Ring
CAKIR
6:31 Loom
9:50 Feudal Age
10:20 Double-Bit Axe
13:01 Fletching
15:43 Padded Archer Armor
22:26 Horse Collar
26:23 Castle Age
29:01 Wheelbarrow
30:48 Crossbowman
32:19 Bodkin Arrow
Connection lost

Rejoining the realm…

Still unreachable

The connection could not be restored.

Session expired

The server has moved on; the page needs a fresh start.